 Dungeon Crawl Stone Soup version 0.18.1-8-gdd0e5ea (webtiles) character file.

40 santipi the Caller (level 3, 0/25 HPs)
             Began as a Mummy Summoner on June 5, 2016.
             Slain by a gnoll
             ... wielding a +0 spear
              (7 damage)
             ... on level 2 of the Dungeon.
             The game lasted 00:08:45 (1103 turns).

santipi the Caller (Mummy Summoner)                 Turns: 1103, Time: 00:08:47

Health: 0/25       AC:  2    Str: 11    XL:     3   Next: 30%
Magic:  4/6        EV: 12    Int: 15    God:
Gold:   48         SH:  0    Dex: 12    Spells: 2 memorised, 3 levels left

rFire  x . .     SeeInvis .     c - +1 dagger
rCold  + . .     Gourm    .     a - +0 robe
rNeg   + + +     Faith    .     (no shield)
rPois  ∞         Spirit   .     (no helmet)
rElec  .         Dismiss  .     (no cloak)
rCorr  .         Reflect  .     (no gloves)
SustAt .         Harm     .     (no boots)
MR     .....                    (no amulet)
Stlth  ++........               (no ring)
                                (no ring)

@: not resistant to hostile enchantments, unstealthy
A: no food or potions, fire vulnerability, cold resistance 1, negative energy
resistance 3, torment resistance, unbreathing
a: no special abilities


You were on level 2 of the Dungeon.
You were not hungry.

You visited 1 branch of the dungeon, and saw 2 of its levels.

You collected 48 gold pieces.

Inventory:

Hand Weapons
 c - a +1 dagger (weapon)
Armour
 a - a +0 robe (worn)
 f - a +0 robe
Jewellery
 e - an uncursed ring of positive energy {unknown}
 g - an uncursed ring of see invisible {unknown}
 h - a +3 ring of strength {unknown}
Scrolls
 d - 3 scrolls of teleportation
Books
 b - a book of Callings

   Spells                             Type                      Level
   a - Summon Small Mammal            Summoning                    1
   b - Call Imp                       Summoning                    2
   c - Call Canine Familiar           Summoning                    3
   d - Summon Guardian Golem          Hexes/Summoning              3
   e - Summon Lightning Spire         Summoning/Air                4
   f - Summon Ice Beast               Ice/Summoning                4


   Skills:
 + Level 0.4 Fighting
 + Level 0.2 Short Blades
 + Level 1.7 Dodging
 + Level 1.7 Stealth
 + Level 2.2 Spellcasting
 + Level 3.9 Summonings


You had 3 spell levels left.
You knew the following spells:

 Your Spells              Type           Power        Failure   Level  Hunger
a - Summon Small Mammal   Summ           ##..         6%          1    N/A
b - Call Imp              Summ           ##......     10%         2    N/A

Dungeon Overview and Level Annotations

Branches:
Dungeon (2/15)

Altars:


Innate Abilities, Weirdness & Mutations

You do not eat or drink.
Your flesh is vulnerable to fire.
You are immune to poison.
Your flesh is cold resistant.
You are immune to negative energy.
You are immune to unholy pain and torment.
You can survive without breathing.


Message History

r - Retreat! s - Stop attacking. w - Wait here. f - Follow me.
Anything else - Stay silent.
Gang up on whom?
Press: ? - help, Dir - move target cursor, f - kobold
Aim: a kobold, wielding a short sword (moderately wounded) Attack!
The gnoll closely misses you.
Your crimson imp hits the kobold.
The kobold dies!
What do you say? t - Shout!
Orders for allies: a - Attack new target. r - Retreat! s - Stop attacking. w - Wait here. f - Follow me.
Anything else - Stay silent.
Gang up on whom?
Press: ? - help, Dir - move target cursor, f - gnoll
Aim: a gnoll, wielding a spear and wearing a ring mail Attack!
The gnoll hits you from afar with a spear!
You die...

#.##.†..#
#.....#
#.......#
#.....#
#.##.##.#
#.....#
#.......#
#######
####.####
#.# #.#
#.# #@# #
#)#.##...
#5g.g..#
###.####
... ....
#####


You could see a gnoll and a friendly crimson imp.

Vanquished Creatures
  An adder (D:1)
  An ooze (D:2)
  A dart slug (D:2)
  2 giant geckos
  2 giant cockroaches (D:2)
  2 goblins (D:2)
  2 hobgoblins
  A bat (D:2)
  2 kobolds
  A rat (D:2)
15 creatures vanquished.

Vanquished Creatures (collateral kills)
  An ooze (D:1)
  2 dart slugs
  4 goblins (D:1)
  3 kobolds
  A giant newt (D:2)
11 creatures vanquished.

Grand Total: 26 creatures vanquished

Notes
Turn   | Place    | Note
--------------------------------------------------------------
     0 | D:1      | santipi the Mummy Summoner began the quest for the Orb.
     0 | D:1      | Reached XP level 1. HP: 13/13 MP: 3/3
   111 | D:1      | Reached XP level 2. HP: 12/19 MP: 0/5
   168 | D:1      | Learned a level 2 spell: Call Imp
   760 | D:2      | Reached XP level 3. HP: 24/24 MP: 1/6
  1103 | D:2      | Slain by a gnoll

Action                   || total
-------------------------++-------
Melee: Unarmed           ||     3
       Dagger            ||    70
 Cast: Summon Small Mamm ||    13
       Call Imp          ||     9
  Use: Scroll            ||     4
 Stab: Sleeping          ||     2
       Distracted        ||     1
Armor: Robe              ||    15
Dodge: Dodged            ||    46
